 Dungeon Crawl Stone Soup version 0.20-a0-705-gbe8799e (webtiles) character file.

358 M4edhros the Covert (level 6, -3/38 HPs)
             Began as an Octopode Artificer on Feb 20, 2017.
             Killed from afar by Pikel (25 damage)
             ... with a wand of acid (?/15)
             ... on level 4 of the Dungeon.
             The game lasted 00:02:58 (1583 turns).

M4edhros the Covert (Octopode Artificer)            Turns: 1583, Time: 00:02:59

Health: -3/38      AC:  1    Str: 12    XL:     6   Next: 64%
Magic:  8/8        EV: 13    Int: 13    God:
Gold:   68         SH:  0    Dex: 14    Spells: 5/5 levels left

rFire    + . .     SeeInvis .   j - +2 scythe (venom)
rCold    . . .     Gourm    .   (shield currently unavailable)
rNeg     . . .     Faith    .   (helmet restricted)
rPois    +         Spirit   .   (no amulet)
rElec    .         Reflect  .   l - ring of poison resistance
rCorr    .         Harm     .   (no ring)
MR       .....                  (no ring)
Stlth    +++++.....             (no ring)
Regen    0.2/turn               (no ring)
MPRegen  0.2/turn               (no ring)
                                (no ring)
                                (no ring)

@: no status effects
A: almost no armour, stealthy swim, amphibious, 8 rings, constrict 8, tentacle
spike 1, camouflage 1, blurry vision 1, fire resistance 1, gelatinous body 1
a: no special abilities


You were on level 4 of the Dungeon.
You were not hungry.

You visited 1 branch of the dungeon, and saw 4 of its levels.

You collected 68 gold pieces.

Inventory:

Hand Weapons
 a - a +0 short sword
 j - a +2 scythe of venom (weapon)
Missiles
 i - 37 stones (quivered)
Jewellery
 e - an uncursed ring of protection from cold {unknown}
 h - an uncursed ring of fire {unknown}
 l - a ring of poison resistance (left tentacle)
Wands
 b - a wand of flame (15/48)
 c - a wand of enslavement (13/24)
 d - a wand of random effects (15/48)
Scrolls
 k - a scroll of enchant weapon {unknown}
 m - 2 scrolls of fear {unknown}
 n - 4 scrolls of teleportation {unknown}
 s - 2 scrolls of remove curse {unknown}
Potions
 p - a potion of might {unknown}
 q - a potion of heal wounds {unknown}
 t - a potion of lignification {unknown}
Comestibles
 f - a bread ration
 g - a royal jelly
 o - a chunk of flesh
 r - a meat ration


   Skills:
 - Level 1.0 Fighting
 - Level 1.0 Short Blades
 - Level 2.0 Dodging
 + Level 9.4 Stealth
 - Level 3.2 Evocations


You had 5 spell levels left.
You didn't know any spells.

Dungeon Overview and Level Annotations

Branches:
Dungeon (4/15)
 Temple: D:4-7

Altars:
Elyvilon

Annotations:
D:4 Pikel


Innate Abilities, Weirdness & Mutations

You cannot wear most types of armour.
You are very stealthy in the water. (Stealth+)
You are amphibious.
You can wear up to eight rings at the same time.
You can use your tentacles to constrict eight enemies at once.
Your skin changes colour to match your surroundings (Stealth+).
Your rubbery body absorbs attacks. (AC +1, EV +1)
One of your tentacles bears a spike.
Scrolls take you a little longer to read.
Your flesh is heat resistant. (rF+)


Message History

Pikel the Slaver comes into view.
He is wielding a whip of freezing.
There are monsters nearby!
Attack whom?
Press: ? - help, Dir - move target cursor, f - slave
Aim: a slave, wearing an animal skin You reach to attack!
You barely miss the slave.
Pikel says, "You'll fetch a fair price!"
The slave barely misses you.
Attack whom?
Press: ? - help, Dir - move target cursor, f - Pikel, p - slave
Aim: Pikel, wielding a whip of freezing and wearing an embroidered robe You reach to attack!
You slash Pikel!
Pikel is poisoned.
Pikel is moderately wounded.
A slave comes into view.
You barely miss Pikel. Your grab misses Pikel.
Pikel is moderately wounded.
Pikel hits you with a whip of freezing! Pikel freezes you.
Pikel zaps a wand.
The bolt of acid hits you!
Ouch! That really hurt!
You die...

#.#
........#....#
###
###.....#.##.##
#.....#.....#
#..)..####..#
#.....####..#
##..........#
##########.#
#.......#
#@####### #K#
#p# #p# .p# ###


You could see Pikel and 3 slaves.

Vanquished Creatures
  Sigmund (D:2)
  A hound (D:4)
  An orc priest (D:4)
  2 orc wizards (D:4)
  A hound skeleton (D:4)
  An adder (D:2)
  An adder skeleton (D:4)
  A worm (D:4)
  2 dart slugs
  A leopard gecko (D:2)
  4 orcs (D:4)
  2 giant cockroaches (D:1)
  A goblin (D:1)
  A hobgoblin (D:1)
  6 jackals (D:4)
  4 bats
  3 frilled lizards
  5 kobolds
  3 rats
41 creatures vanquished.

Vanquished Creatures (collateral kills)
  An orc priest (D:4)
1 creature vanquished.

Grand Total: 42 creatures vanquished

Notes
Turn   | Place    | Note
-------+----------+-------------------------------------------
     0 | D:1      | M4edhros the Octopode Artificer began the quest for the Orb.
     0 | D:1      | Reached XP level 1. HP: 13/13 MP: 3/3
    51 | D:1      | Reached skill level 2 in Stealth
    75 | D:1      | Reached XP level 2. HP: 13/18 MP: 4/4
    84 | D:1      | Reached skill level 3 in Stealth
   618 | D:2      | Reached skill level 4 in Stealth
   618 | D:2      | Reached XP level 3. HP: 23/23 MP: 5/5
   623 | D:2      | Noticed Sigmund
   634 | D:2      | Gained mutation: Your flesh is heat resistant. (rF+) [potion of mutation]
   634 | D:2      | Gained mutation: Scrolls take you a little longer to read. [potion of mutation]
   634 | D:2      | Gained mutation: One of your tentacles bears a spike. [potion of mutation]
   639 | D:2      | Killed Sigmund
   639 | D:2      | Reached skill level 7 in Stealth
   639 | D:2      | Reached XP level 4. HP: 18/28 MP: 6/6
   639 | D:2      | Reached XP level 5. HP: 21/33 MP: 7/7
   800 | D:2      | Found a white marble altar of Elyvilon.
  1048 | D:4      | Reached skill level 8 in Stealth
  1257 | D:4      | Noticed an orc warrior
  1258 | D:4      | Reached XP level 6. HP: 38/38 MP: 8/8
  1421 | D:4      | Reached skill level 9 in Stealth
  1579 | D:4      | Noticed a slave
  1579 | D:4      | Noticed a slave
  1581 | D:4      | Noticed Pikel
  1583 | D:4      | Noticed a slave
  1583 | D:4      | Killed from afar by Pikel

Vault maps used:
D:1:      minmay_arrival_plants_in_alcoves, minivault_24, kennysheep_boxes
D:2:      marbit_many_paths, uniq_sigmund
D:4:      hangedman_abyss_or_decor_jellyfish_corner, kennysheep_generic_room_5,
          uniq_pikel

Skill      XL: |  1  2  3  4  5  6 |
---------------+-------------------+-----
Stealth        | 2 4 7 8 9 |  9.4
Fighting       | |  1.0
Short Blades   | |  1.0
Dodging        | |  2.0
Evocations     | |  3.2

Action                   |  1- 3 |  4- 6 || total
-------------------------+-------+-------++-------
Melee: Short sword       |    37 |       ||    37
       Constrict         |    10 |     9 ||    19
       Tentacles         |     2 |     3 ||     5
       Scythe            |       |    43 ||    43
       Kick              |       |     7 ||     7
Evoke: Wand              |       |     2 ||     2
  Use: Potion            |     1 |       ||     1
 Stab: Sleeping          |     8 |    11 ||    19
  Eat: Chunk             |       |     2 ||     2
Armor: Skin              |       |     3 ||     3
Dodge: Dodged            |    14 |    23 ||    37
